 Dungeon Crawl Stone Soup version 0.30.1-11-g7821555f0a (webtiles) character file.

Game seed: 14065316646373918175

392 fireball365 the Chopper (level 6, -1/55 HPs)
             Began as a Hill Orc Fighter on Dec 14, 2023.
             Slain by a scorpion (6 damage)
             ... on level 4 of the Dungeon.
             The game lasted 00:03:56 (3205 turns).

fireball365 the Chopper (Hill Orc Fighter)          Turns: 3205, Time: 00:03:57

Health: -1/55      AC:  9    Str: 21    XL:     6   Next: 81%
Magic:  6/6        EV:  9    Int:  8    God:
Gold:   222        SH:  4    Dex: 10    Spells: 5/5 levels left

rFire   + . .        a - +0 war axe
rCold   . . .        c - +0 buckler
rNeg    . . .        b - +0 scale mail
rPois   .            r - +1 hat
rElec   .            (no cloak)
rCorr   .            (no gloves)
SInv    .            n - +0 pair of boots
Will    .....        (no amulet) Stlth
                     l - ring of protection from fire
HPRegen 0.29/turn    (no ring)
MPRegen 0.10/turn

%: no passive effects
@: lethally poisoned (-1 -> -3)
A: no striking features
a: no special abilities


You were on level 4 of the Dungeon.
You visited 1 branch of the dungeon, and saw 4 of its levels.

You collected 222 gold pieces.

Inventory:

Hand Weapons
 a - a +0 war axe (weapon)
 p - the +7 staff of the Meek {protect, meekguard}
   (You found it on level 4 of the Dungeon)
 q - a +0 lajatang
Missiles
 i - 5 poisoned darts (quivered)
Armour
 b - a +0 scale mail (worn)
 c - a +0 buckler (worn)
 n - a +0 pair of boots (worn)
 r - a +1 hat (worn)
Jewellery
 l - a ring of protection from fire (left hand)
Wands
 m - a wand of quicksilver (5)
Scrolls
 f - 3 scrolls of identify {unknown}
 j - 3 scrolls of vulnerability {unknown}
 o - a scroll of silence {unknown}
Potions
 d - 3 potions of might
 e - 4 potions of haste {unknown}
 g - 2 potions of attraction {unknown}
 h - 2 potions of ambrosia {unknown}
 k - a potion of curing {unknown}


   Skills:
 + Level 4.8 Fighting
 + Level 6.4 Axes
 + Level 4.9 Armour
 + Level 0.8 Dodging
 + Level 0.7 Stealth
 + Level 3.9 Shields


You had 5 spell levels left.
You didn't know any spells.
Your spell library contained the following spells:

 Spells                   Type           Power      Damage    Failure   Level
 Slow                     Hex            0%         N/A       80%         1
 Blink                    Tloc           0%         N/A       91%         2
 Lesser Beckoning         Tloc           0%         N/A       91%         2
 Momentum Strike          Conj/Tloc      0%         3d8       91%         2
 Confusing Touch          Hex            0%         N/A       99%         3
 Stone Arrow              Conj/Erth      0%         3d7       99%         3
 Vampiric Draining        Necr           0%         2d6       99%         3
 Volatile Blastmotes      Fire/Tloc      0%         2d10      99%         3
 Animate Armour           Summ/Erth      0%         N/A       100%        4
 Fulminant Prism          Conj/Hex       0%         3d5       100%        4
 Iskenderun's Mystic Bla  Conj/Tloc      0%         2d3       100%        4
 Lee's Rapid Deconstruct  Erth           0%         3d4*      100%        5
 Lehudib's Crystal Spear  Conj/Erth      0%         10d2      100%        8


Dungeon Overview and Level Annotations

Branches:
Dungeon (4/15)
 Temple: D:4-7

Altars:
Beogh


Message History

The scorpion stings you but does no damage.
The scorpion stings you.
You hit the scorpion but do no damage.
The scorpion is lightly wounded.
You feel sick. The scorpion stings you.
You hit the scorpion.
The scorpion is heavily wounded.
You feel sick. The scorpion barely misses you.
You closely miss the scorpion.
The scorpion is heavily wounded.
You feel sick. The scorpion stings you. You block the scorpion's attack.
You barely miss the scorpion.
The scorpion is heavily wounded.
You feel sick. You block the scorpion's attack.
You hit the scorpion but do no damage.
The scorpion is heavily wounded.
You feel sick. The scorpion barely misses you. The scorpion stings you.
* * * LOW HITPOINT WARNING * * *
You are more poisoned.
The scorpion poisons you!
You hit the scorpion but do no damage.
The scorpion is heavily wounded.
* * * LOW HITPOINT WARNING * * *
You feel very sick.
The scorpion stings you but does no damage.
You barely miss the scorpion.
The scorpion is heavily wounded.
You feel sick. The scorpion barely misses you. You block the scorpion's attack.
You slash the scorpion!
The scorpion is almost dead.
You feel sick. The scorpion stings you.
* * * LOW HITPOINT WARNING * * *
You hit the scorpion but do no damage.
The scorpion is almost dead.
You feel sick.
The scorpion stings you but does no damage. x2
You barely miss the scorpion.
The scorpion is almost dead.
You feel sick. The scorpion stings you.
You die...

#...####### ##.# .....
#....<....# #.# #.....
#...#####.# #.# .....##
#...#### #..
.....#####.....# ### #.
.....###.##.# #
#.#.##.##w# #.##.##.#
#.#....##s###.......#
#.#......@.......####
#......##.##......#
##.....##.##.##...#####
#........##..........#
##...###.##.##.#.###.#
####.####... ...#.# #.#
#.......##........# #.#
#.##.##.##.....####
#.### #....##.##.....
####...#


You could see a worm and a scorpion.

Vanquished Creatures
  A black bear (D:4)
  A scorpion (D:4)
  A jelly (D:4)
  An orc priest (D:4)
  2 sleepcaps (D:4)
  An iguana (D:4)
  An adder (D:3)
  An ufetubus (D:4)
  4 worms
  3 dart slugs
  4 orcs
  5 ball pythons
  3 bats
  10 endoplasms
  5 giant cockroaches
  7 goblins
  3 hobgoblins
  2 quokkas (D:1)
  4 frilled lizards
  5 kobolds
  4 rats
68 creatures vanquished.

Notes
Turn   | Place    | Note
-------+----------+-------------------------------------------
     0 | D:1      | fireball365 the Hill Orc Fighter began the quest for the
                  | Orb.
     0 | D:1      | Reached XP level 1. HP: 19/19 MP: 1/1
    86 | D:1      | Reached XP level 2. HP: 27/27 MP: 2/2
   141 | D:1      | Reached skill level 3 in Axes
   286 | D:1      | Reached XP level 3. HP: 33/33 MP: 3/3
  1020 | D:2      | Reached skill level 4 in Axes
  1209 | D:2      | Reached XP level 4. HP: 39/40 MP: 4/4
  2550 | D:4      | Reached skill level 5 in Axes
  2550 | D:4      | Reached XP level 5. HP: 17/46 MP: 5/5
  2670 | D:4      | Found a roughly hewn altar of Beogh.
  2670 | D:4      | Found the +7 staff of the Meek {protect, meekguard}
  2906 | D:4      | Noticed a black bear
  2916 | D:4      | Killed a black bear
  2917 | D:4      | Reached XP level 6. HP: 43/53 MP: 6/6
  2964 | D:4      | Reached skill level 6 in Axes
  3205 | D:4      | Slain by a scorpion

Illustrated notes

Levels and vault maps discovered:
D:1:      psy_arrival_basics, layout_loops_ring
D:2:      layout_loops_ring
D:3:      layout_basic
D:4:      layout_loops_cross, pf_guarded_unrand_meek

Skill      XL: |  1  2  3  4  5  6 |
---------------+-------------------+-----
Axes           | 3 4 5 6 |  6.4
Fighting       | 4 |  4.8
Armour         | 4 |  4.9
Dodging        | |  0.8
Stealth        | |  0.7
Shields        | |  3.9

Action                     |  1- 3 |  4- 6 || total
---------------------------+-------+-------++-------
  Melee: War axe           |    85 |   111 ||   196
 Armour: Scale mail        |    38 |    40 ||    78
  Dodge: Dodged            |    46 |    54 ||   100
  Block: Buckler           |    16 |    25 ||    41
